 Dungeon Crawl Stone Soup version 0.29-a0-824-gd827844252 (webtiles) character file.

Game seed: 14488292256278145686

1127 kevlar127 the Ruffian (level 8, 0/120 HPs)
             Began as a Troll Berserker on July 9, 2022.
             Was a Priest of Trog.
             Slain by a hornet (13 damage)
             ... on level 7 of the Dungeon.
             The game lasted 00:06:36 (4698 turns).

kevlar127 the Ruffian (Troll Berserker)             Turns: 4698, Time: 00:06:36

Health: 0/120      AC:  4    Str: 34    XL:     8   Next: 13%
Magic:  7/7        EV: 10    Int:  3    God:    Trog [***...]
Gold:   280        SH:  0    Dex:  9    Spells: 7/7 levels left

rFire   . . .      SeeInvis .     - Unarmed
rCold   . . .      Faith    .   (no shield)
rNeg    . . .      Spirit   .   a - +0 animal skin
rPois   .          Reflect  .   (helmet restricted)
rElec   .          Harm     .   (no cloak)
rCorr   .          Rampage  .   (gloves unavailable)
Will    ++...                   (boots unavailable)
Stlth   ..........              (no amulet)
HPRegen 2.10/turn               k - +6 ring of strength
MPRegen 0.10/turn               s - ring of flight

@: berserking, lethally poisoned (0 -> -10), strong-willed (expiring), flying,
regenerating (expiring), slowed
A: large, unfitting armour, claws 3, regeneration 1, shaggy fur 1, tough skin 1
a: Renounce Religion, Berserk, Trog's Hand


You were on level 7 of the Dungeon.
You worshipped Trog.
Trog was most pleased with you.
You visited 1 branch of the dungeon, and saw 7 of its levels.

You collected 280 gold pieces.

Inventory:

Missiles
 l - 58 stones (quivered)
 m - 22 poisoned darts
 n - 5 javelins
 x - 5 boomerangs
Armour
 a - a +0 animal skin (worn)
Jewellery
 k - a +6 ring of strength (left claw)
 s - a ring of flight (right claw)
 t - a +6 ring of intelligence
 y - a ring of see invisible
Wands
 o - a wand of charming (13)
 v - a wand of iceblast (15)
 w - a wand of flame (10)
Scrolls
 c - 6 scrolls of teleportation {unknown}
 h - 3 scrolls of identify {unknown}
 i - 2 scrolls of fear {unknown}
 j - 4 scrolls of noise {unknown}
 q - a scroll of enchant weapon {unknown}
 r - a scroll of enchant armour {unknown}
 z - a scroll of poison {unknown}
Potions
 b - a potion of might {unknown}
 d - 2 potions of flight {unknown}
 e - 3 potions of ambrosia {unknown}
 f - 5 potions of curing {unknown}
 g - 3 potions of heal wounds {unknown}
 p - 2 potions of cancellation {unknown}
 u - 2 potions of attraction {unknown}


   Skills:
 + Level 5.2 Fighting
 + Level 4.4 Throwing
 - Level 3.0 Dodging
 + Level 6.3 Unarmed Combat


You had 7 spell levels left.
You didn't know any spells.
Your spell library was empty.

Dungeon Overview and Level Annotations

Branches:
Dungeon (7/15)             Temple (0/1) D:6

Altars:
Makhleb
Nemelex Xobeh
Sif Muna
Xom

Shops:
D:6 :


Innate Abilities, Weirdness & Mutations

You are too large for most types of armour.
You have claws for hands.
Your natural rate of healing is unusually fast.
You are covered in fur. (AC +1)
You have tough skin. (AC +1)


Message History

You closely miss the hornet.
You feel very sick. The hornet closely misses you. The hornet stings you!
You are more poisoned.
You shrug off the repeated paralysis!
You barely miss the hornet.
You feel very sick. The hornet barely misses you. The hornet misses you.
Unknown command.
You barely miss the hornet.
You feel yourself speed up.
You feel very sick. The hornet barely misses you. The hornet stings you!
You are more poisoned.
You feel yourself slow down.
Okay, then.
A red film seems to cover your vision as you go berserk!
You feel yourself moving faster!
You feel mighty!
You feel extremely sick. The hornet stings you!
* * * LOW HITPOINT WARNING * * *
You are more poisoned.
You suddenly lose the ability to move!
The hornet stings you!
* * * LOW HITPOINT WARNING * * *
You shrug off the repeated paralysis!
The hornet stings you.
* * * LOW HITPOINT WARNING * * *
You are more poisoned.
You feel as though you will be slow longer.
You can move again.
You completely miss the hornet.
You feel the effects of Trog's Hand fading.
* * * LOW HITPOINT WARNING * * *
You feel extremely sick. The hornet misses you.
You claw the hornet!
The hornet is moderately wounded.
* * * LOW HITPOINT WARNING * * *
You feel very sick. The hornet stings you!
You die...

..#######.........######
..+ +............... ..#
#...##....###.#. ..#
#...##....# ..#
######....# .)# #....#
#....# ##'####?.##
#.@y.....$ ##########


You could see a hornet.

Vanquished Creatures
  3 ice beasts
  A black bear (D:5)
  A phantom (D:6)
  4 scorpions
  2 hounds (D:5)
  2 orc priests
  A jelly (D:6)
  5 iguanas
  An orc wizard (D:3)
  A gnoll (D:1)
  6 adders
  A worm (D:4)
  11 orcs
  6 ball pythons
  2 bats
  6 endoplasms
  7 giant cockroaches
  7 goblins
  6 hobgoblins
  4 jackals (D:1)
  2 quokkas
  A frilled lizard (D:2)
  5 kobolds
  3 rats
88 creatures vanquished.

Notes
Turn   | Place    | Note
-------+----------+-------------------------------------------
     0 | D:1      | kevlar127 the Troll Berserker began the quest for the Orb.
     0 | D:1      | Reached XP level 1. HP: 22/22 MP: 0/0
   149 | D:1      | Reached XP level 2. HP: 29/29 MP: 1/1
   347 | D:1      | Reached XP level 3. HP: 36/36 MP: 2/2
   432 | D:1      | Found a faded altar of an unknown god.
   638 | D:2      | Found a sparkling altar of Nemelex Xobeh.
   780 | D:2      | Reached ** piety under Trog
   905 | D:2      | Identified the +5 sling of Aga Sih {freeze, rN+}
  1321 | D:3      | Reached XP level 4. HP: 45/45 MP: 3/3
  1325 | D:3      | Reached skill level 1 in Throwing
  1325 | D:3      | Reached skill level 4 in Unarmed Combat
  1546 | D:3      | Reached XP level 5. HP: 53/53 MP: 4/4
  2441 | D:4      | Reached *** piety under Trog
  2752 | D:5      | Entered Level 5 of the Dungeon
  2774 | D:5      | Reached XP level 6. HP: 62/62 MP: 5/5
  3047 | D:5      | Reached skill level 5 in Unarmed Combat
  3054 | D:5      | Noticed an ice beast
  3063 | D:5      | Killed an ice beast
  3138 | D:5      | Found a shimmering blue altar of Sif Muna.
  3138 | D:5      | Found a burning altar of Makhleb.
  3138 | D:5      | Found a shimmering altar of Xom.
  3419 | D:5      | Reached XP level 7. HP: 67/70 MP: 6/6
  4040 | D:6      | Reached skill level 5 in Fighting
  4040 | D:6      | Reached skill level 6 in Unarmed Combat
  4085 | D:6      | Found a staircase to the Ecumenical Temple.
  4181 | D:6      | Found Dibow's Book Boutique.
  4366 | D:6      | Reached XP level 8. HP: 76/80 MP: 7/7
  4380 | D:6      | Identified the +8 spear "Ebynkak" {pain, rCorr Str+3 Dex-4
                  | Stlth+}
  4687 | D:7      | Noticed a hornet
  4689 | D:7      | Paralysed by a hornet for 3 turns
  4696 | D:7      | Paralysed by a hornet for 1 turns
  4698 | D:7      | Slain by a hornet

Illustrated notes

Levels and vault maps discovered:
D:1:      tarquinn_simple_flora_water_d, layout_loops_ring,
          basic_ecumenical_altar
D:2:      layout_rooms, basic_altar
D:3:      minmay_door_path, layout_basic
D:4:      layout_basic, hangedman_decor_growths, minmay_unequal
D:5:      layout_loops_corners, gammafunk_temple_overflow_claw
D:6:      layout_cave_pods, temple_pool_b, serial_shops, shop
D:7:      layout_basic, kennysheep_mini_moat, nicolae_shop_vocational

Skill      XL: |  1  2  3  4  5  6  7 |
---------------+----------------------+-----
Fighting       | 3 4 5 |  5.2
Dodging        | 3 |  3.0
Throwing       | 1 2 3 4 |  4.4
Unarmed Combat | 4 5 6 |  6.3

Action                   |  1- 3 |  4- 6 |  7- 9 || total
-------------------------+-------+-------+-------++-------
Melee: Unarmed           |    97 |   104 |    57 ||   258
       Punch             |     1 |     3 |     3 ||     7
Invok: Berserk           |       |       |     2 ||     2
       Trog's Hand       |       |       |     1 ||     1
 Stab: Sleeping          |     1 |       |       ||     1
Armor: Animal skin       |    32 |    25 |    11 ||    68
Dodge: Dodged            |    46 |    44 |    26 ||   116

Table legend: (Time is in decaauts)
 A = Elapsed time spent in this place.
 B = Non-inter-level travel time spent in this place.
 C = Inter-level travel time spent in this place.
 D = Time resting spent in this place.
 E = Time spent auto-exploring this place.
 F = Levels seen in this place.
 G = Mean time per level.
                   A        B        C        D        E       F      G
               +--------+--------+--------+--------+--------+-----+--------+
         Total |   4685 |   4328 |    357 |    246 |   3485 |   7 |  669.3 |
       Dungeon |   4685 |   4328 |    357 |    246 |   3485 |   7 |  669.3 |
               +--------+--------+--------+--------+--------+-----+--------+

Top non-repeatable levels by time:
     D:6: 1008 daAuts
     D:3: 871 daAuts
     D:5: 844 daAuts
     D:1: 768 daAuts
     D:4: 610 daAuts
     D:2: 490 daAuts
     D:7: 91 daAuts
